cohdb
Replays
Latest Replays
All Replays
Popular Replays
Top Player Replays
Match Explorer
How It Works
Community
CoH3 Stats
Reddit
Sign in to upload your games and track your stats! →
Sign in with Steam
Match 45231015
Unlisted
Match 45231015
Overview
Messages
Build Orders
End
Construct Barracks
Riflemen Squad
Riflemen Squad
Riflemen Squad
Infantry Support Center
Construct Motor Pool
M8 Greyhound Armored Car
Construct Medical Station
Riflemen Squad
Engineer Squad
Construct Weapon Support Center
M1918 Browning Automatic Rifles
Grenade Package
M1 Anti-tank Gun Team
Construct Tank Depot
M1 Anti-tank Gun Team
M4A1 Sherman Medium Tank
Selects Special Operations Battlegroup
Selects Raiding Flares
Selects M29 Weasel Recon Vehicle
Selects P-47 Anti-Infantry Loiter
DebaKLe
[TOD7] Gandalfalex
Royale with Cheese
CommissarJuriSprite
0
0
Comments
sign in to comment!
No comments posted yet!